 Dungeon Crawl Stone Soup version 0.31.0 (webtiles) character file.

Game seed: 9226237333936079229

0 Esekla the Ducker (level 1, 0/10 HPs)
             Began as a Deep Elf Wanderer on Jan 20, 2024.
             Frozen to death by an endoplasm (3 damage)
             ... on level 1 of the Dungeon.
             The game lasted 00:01:58 (86 turns).

Esekla the Ducker (Deep Elf Wanderer)                 Turns: 86, Time: 00:01:59

Health: 0/10       AC:  3    Str:  8    XL:     1   Next: 8%
Magic:  5/5        EV: 11    Int: 17    God:
Gold:   11         SH:  4    Dex: 14    Spells: 2/3 levels left

rFire   . . .        a - +0 dagger
rCold   . . .        c - +0 buckler
rNeg    . . .        e - +0 leather armour
rPois   .            (no helmet)
rElec   .            (no cloak)
rCorr   .            (no gloves)
SInv    .            (no boots)
Will    .....        (no amulet)
Stlth   +            (no ring)
HPRegen 0.21/turn    (no ring)
MPRegen 0.09/turn

%: no passive effects
@: no status effects
A: no striking features
a: no special abilities


You were on level 1 of the Dungeon.
You visited 1 branch of the dungeon, and saw 1 of its levels.

You collected 11 gold pieces.

Inventory:

Hand Weapons
 a - a +0 dagger (weapon)
Armour
 c - a +0 buckler (worn)
 e - a +0 leather armour (worn)
Scrolls
 d - a scroll of fear
 f - a scroll of teleportation {unknown}


   Skills:
 + Level 1.0 Throwing
 + Level 3.7 Dodging
 * Level 1.0 Shields
 * Level 1.5 Spellcasting
 + Level 2.1 Ice Magic
 + Level 1.0 Invocations
 + Level 1.1 Evocations


You had 2 spell levels left.
You knew the following spells:

 Your Spells              Type           Power      Damage    Failure   Level
a - Freeze                Ice            32%        1d5       21%         1

Your spell library contained the following spells:

 Spells                   Type           Power      Damage    Failure   Level
 Mercury Vapours          Alch/Air       2%         N/A       58%         2
 Frozen Ramparts          Ice            16%        1d3       52%         3
 Mephitic Cloud           Conj/Alch/Air  1%         N/A       82%         3
 Freezing Cloud           Conj/Ice/Air   1%         6-21      100%        5


Dungeon Overview and Level Annotations

Branches:
Dungeon (1/15)

Altars:


Message History

f - a scroll labelled ZEMUPL XUUMYU A rat comes into view.
The rat squeaks loudly.
Okay, then.
Okay, then.
Okay, then.
Okay, then.
You hit the rat but do no damage. The rat bites you.
You completely miss the rat. The rat barely misses you.
You hit the rat.
You kill the rat!
Found a whip.
Found 6 gold pieces.
You now have 11 gold pieces (gained 6).
An endoplasm comes into view.
The endoplasm quivers.
Throw: 2 throwing nets
Press: ? - help, Q - select action, (/) - cycle Shift-Dir - straight line, f - endoplasm
Aim: an endoplasm (84% to hit, immune to nets)
You throw a throwing net.
The throwing net barely misses the endoplasm.
Throw: throwing net
Press: ? - help, Q - select action, (/) - cycle Shift-Dir - straight line, f/p - endoplasm
Aim: an endoplasm (84% to hit, immune to nets)
You throw a throwing net. The throwing net hits the endoplasm.
The endoplasm effortlessly oozes through the net!
You hit the endoplasm.
The endoplasm is severely wounded.
The endoplasm freezes you.
You are frozen.
You hit the endoplasm but do no damage.
The endoplasm is severely wounded.
The endoplasm freezes you.
You are frozen.
* * * LOW HITPOINT WARNING * * *
You hit the endoplasm.
The endoplasm is almost dead.
The endoplasm freezes you.
You are frozen.
You die...

...... ........#
....#
...[....#(... ...#
#........... ...#
#........... ...##
##.......#..
....###........)(.
...............#.#
#.........# #..#J#
##.......## #..@#
#...<...# #.#.#
##.......## #.#.#
#.........###..#.#
...............#.#
....###........#.#
...## ##.......#.#
...# #.......#.#
...## ##.......#.#


You could see an endoplasm.

Vanquished Creatures
  A rat (D:1)
1 creature vanquished.

Notes
Turn   | Place    | Note
-------+----------+-------------------------------------------
     0 | D:1      | Esekla the Deep Elf Wanderer began the quest for the Orb.
     0 | D:1      | Esekla set off with the following items: a +0 dagger, 2
                  | throwing nets, a +0 buckler, a scroll of fear, a +0 leather
                  | armour; and the following spell memorised: Freeze; and the
                  | following spells available to memorise: Frozen Ramparts.
     0 | D:1      | Reached XP level 1. HP: 10/10 MP: 5/5
    86 | D:1      | Frozen to death by an endoplasm

Illustrated notes

Levels and vault maps discovered:
D:1:      minmay_arrival_four_circles, layout_basic, chequers_jeans

Action                     || total
---------------------------++-------
  Melee: Dagger            ||     6
  Throw: Throwing net      ||     2
 Armour: Leather armour    ||     1
  Dodge: Dodged            ||     1
